 Dungeon Crawl Stone Soup version 0.30.1-9-gdf580d7c3d (webtiles) character file.

Game seed: 10758164113160076367

11609 monsoonserge the Destroyer (level 11, -4/91 HPs)
             Began as a Green Draconian Conjurer on Oct 14, 2023.
             Was a Priest of Vehumet.
             Slain by a komodo dragon (23 damage)
             ... on level 1 of the Lair of Beasts.
             The game lasted 01:02:53 (12476 turns).

monsoonserge the Destroyer (DrCj)                  Turns: 12476, Time: 01:02:55

Health: -4/91      AC:  9    Str: 11    XL:     11   Next: 51%
Magic:  14/19      EV: 19    Int: 22    God:    Vehumet [***...]
Gold:   1901       SH:  0    Dex:  9    Spells: 4/21 levels left

rFire   . . .        S - +2 halberd (elec)
rCold   + . .        (shield currently unavailable)
rNeg    . . .        (body armour unavailable)
rPois   +            (helmet restricted)
rElec   .            N - +0 cloak
rCorr   .            I - +0 pair of gloves
SInv    .            (no boots)
Will    .....        A - amulet of regeneration
Stlth   ++           s - +5 ring of evasion
HPRegen 1.15/turn    x - ring of protection from cold
MPRegen 0.16/turn

%: no passive effects
@: no status effects
A: breathe noxious fumes, AC +7, unfitting armour, poison resistance,
cold-blooded
a: Breathe Noxious Fumes, Renounce Religion


You were on level 1 of the Lair of Beasts.
You worshipped Vehumet.
Vehumet was most pleased with you.
You visited 3 branches of the dungeon, and saw 13 of its levels.
You also visited: Bailey.

You collected 1901 gold pieces.

Inventory:

Hand Weapons
 w - a +2 flail of holy wrath
 B - a +2 hand axe of freezing
 D - a +2 dire flail of holy wrath
 K - a +2 dagger of venom
 L - a +1 scimitar of flaming
 S - a +2 halberd of electrocution (weapon)
Missiles
 E - 27 poisoned darts (quivered)
 Q - a curare-tipped dart
 W - 5 javelins
Armour
 I - a +0 pair of gloves (worn)
 N - a +0 cloak (worn)
Magical Staves
 p - a staff of poison
Jewellery
 b - a ring of flight
 s - a +5 ring of evasion (left hand)
 u - a ring of see invisible
 x - a ring of protection from cold (right hand)
 A - an amulet of regeneration (around neck)
 H - a +6 ring of dexterity
 P - a ring of positive energy
 X - a ring of willpower
 Y - a ring of willpower
Wands
 o - a wand of light (20)
 G - a wand of flame (12)
 V - a wand of digging (7)
Scrolls
 c - 5 scrolls of blinking {unknown}
 d - 2 scrolls of poison
 e - 2 scrolls of fog
 h - 3 scrolls of fear
 i - a scroll of silence
 j - 4 scrolls of teleportation
 k - 4 scrolls of immolation
 l - 2 scrolls of enchant weapon
 q - 2 scrolls of amnesia {unknown}
 r - 2 scrolls of vulnerability
 y - 2 scrolls of enchant armour {unknown}
 C - 3 scrolls of magic mapping
 O - a scroll of summoning {unknown}
Potions
 a - 2 potions of magic
 f - 3 potions of heal wounds
 g - 6 potions of flight
 m - 4 potions of curing
 n - 4 potions of mutation {unknown}
 t - 6 potions of might {unknown}
 v - a potion of berserk rage {unknown}
 z - 7 potions of haste {unknown}
 F - a potion of lignification {unknown}
 J - 4 potions of cancellation {unknown}
 M - 3 potions of ambrosia {unknown}
 R - 3 potions of invisibility {unknown}
 T - a potion of resistance {unknown}
 U - a potion of experience {unknown}


   Skills:
 + Level 6.7 Fighting
 - Level 0.5 Short Blades
 + Level 6.0 Maces & Flails
 + Level 5.8 Polearms
 + Level 0.9 Throwing
 + Level 7.3 Dodging
 - Level 2.0 Stealth
 * Level 5.9 Spellcasting
 * Level 10.9 Conjurations
 - Level 5.0 Translocations


You had 4 spell levels left.
You knew the following spells:

 Your Spells              Type           Power      Damage    Failure   Level
a - Magic Dart            Conj           100%       1d8       1%          1
b - Searing Ray           Conj           100%       2d8       1%          2
c - Iskenderun's Mystic   Conj/Tloc      41%        2d9       1%          4
d - Gell's Gravitas       Tloc           28%        N/A       3%          3
e - Orb of Destruction    Conj           26%        9d9       22%         7

Your spell library contained the following spells:

 Spells                   Type           Power      Damage    Failure   Level
 Mephitic Cloud           Conj/Pois/Air  22%        N/A       1%          3
 Dazzling Flash           Conj/Hex       60%        N/A       1%          3
 Stone Arrow              Conj/Erth      60%        3d10      1%          3
 Sandblast                Erth           12%        2d6       2%          1
 Fulminant Prism          Conj/Hex       15%        3d10      2%          4
 Teleport Other           Tloc           28%        N/A       3%          3
 Passwall                 Tmut/Erth      5%         N/A       14%         2
 Summon Guardian Golem    Hex/Summ       6%         N/A       28%         3
 Summon Forest            Summ/Tloc      8%         N/A       67%         5
 Spellforged Servitor     Conj/Summ      15%        N/A       87%         7
 Dispersal                Tloc           14%        N/A       88%         6
 Eringya's Noxious Bog    Tmut/Pois      3%         N/A       96%         6
 Summon Hydra             Summ           3%         N/A       100%        7


Dungeon Overview and Level Annotations

Branches:
Dungeon (11/15)            Temple (1/1) D:6            Lair (1/5) D:8
    Orc (0/2) D:9          Bailey (visited)

Altars:
Ashenzari
Cheibriados
Dithmenos
Elyvilon
Fedhas
Gozag
Hepliaklqana
Kikubaaqudgha
Makhleb
Nemelex Xobeh
Okawaru
Qazlal
Ru
Sif Muna
Trog
Uskayaw
Vehumet
Wu Jian
Xom
Yredelemnul
Zin
The Shining One

Shops:
D:5 =

Annotations:
D:11 Erolcha, Fannar


Innate Abilities, Weirdness & Mutations

You can breathe blasts of noxious fumes.
Your lurid green scales are hard. (AC +7)
You cannot fit into any form of body armour.
Your system is resistant to poisons. (rPois)
You are cold-blooded and may be slowed by cold attacks.


Message History

Vehumet accepts your kill.
The mystic blast hits the komodo dragon!
The komodo dragon is moderately wounded.
The komodo dragon is knocked back by the mystic blast.
The komodo dragon slams into the rock wall!
The komodo dragon is heavily wounded.
You reach to attack!
You barely miss the komodo dragon.
The komodo dragon is heavily wounded.
You hit the komodo dragon but do no damage.
Your tail-slap misses the komodo dragon.
The komodo dragon is heavily wounded.
The komodo dragon misses you.
The komodo dragon completely misses you.
You closely miss the komodo dragon.
The komodo dragon is heavily wounded.
The komodo dragon misses you.
You completely miss the komodo dragon.
You tail-slap the komodo dragon, but do no damage.
The komodo dragon is heavily wounded.
The komodo dragon bites you!
You hit the komodo dragon.
The komodo dragon is heavily wounded.
The komodo dragon bites you but does no damage.
You barely miss the komodo dragon.
The komodo dragon is heavily wounded.
The komodo dragon bites you!! x2
* * * LOW HITPOINT WARNING * * *
You are too injured to fight recklessly!
Unknown command.
Unknown command.
Casting: Iskenderun's Mystic Blast (mildly dangerous; 1% risk of failure)
Confirm with . or Enter, or press ? or * to list all spells.
Aiming: Searing Ray (safe; 1% risk of failure)
Press: ? - help, Shift-Dir - straight line, f/p - komodo dragon
Aim: a komodo dragon (heavily wounded, 87% to hit)
The searing ray hits the komodo dragon but does no damage.
The komodo dragon is heavily wounded. (Press . to maintain the ray.)
The komodo dragon bites you!!
You die...

#.............
##............
#...........###
#..............
##....#........
##............#
#.....[.......##
.
#...............
.
##......@..?....
.
##.....l.......
##............
##..##....##.
#P..# ....#
...... ....#
#....$......#
#............


You could see a komodo dragon.

Vanquished Creatures
  Erica (D:8)
  A two-headed ogre (D:11)
  A cyclops (D:9)
  A rime drake (Lair:1)
  3 cane toads
  A polar bear (Lair:1)
  2 komodo dragons
  A hornet (D:9)
  A troll (D:9)
  2 blink frogs (Lair:1)
  11 yaks
  3 wyverns
  3 wraiths
  3 basilisks (D:8)
  2 steam dragons
  Edmund (D:6)
  2 water moccasins
  An acid dragon (D:9)
  A swamp drake (D:8)
  An ice beast (D:6)
  6 orc warriors
  A black bear (D:3)
  An ogre (D:7)
  3 centaurs
  4 kobold brigands
  2 phantoms
  5 bullfrogs
  A scorpion (D:6)
  A wight (D:6)
  9 killer bees
  An electric eel (D:8)
  7 howler monkeys
  3 orc priests
  A hound (D:6)
  7 jellies
  A sleepcap (D:3)
  3 iguanas
  16 orc wizards
  12 gnolls
  6 adders
  2 white imps
  5 worms
  3 dart slugs
  51 orcs
  12 ball pythons
  7 endoplasms
  4 giant cockroaches
  10 goblins
  9 hobgoblins
  10 jackals
  2 quokkas
  4 bats
  4 frilled lizards
  26 kobolds
  6 rats
287 creatures vanquished.

Vanquished Creatures (others)
  A kobold (D:7)
1 creature vanquished.

Grand Total: 288 creatures vanquished

Notes
Turn   | Place    | Note
-------+----------+-------------------------------------------
     0 | D:1      | monsoonserge the Draconian Conjurer began the quest for the
                  | Orb.
     0 | D:1      | Reached XP level 1. HP: 14/14 MP: 3/3
   190 | D:1      | Reached XP level 2. HP: 20/20 MP: 1/5
   193 | D:1      | Learned a level 2 spell: Searing Ray
   510 | D:1      | Found a faded altar of an unknown god.
   668 | D:1      | Reached skill level 5 in Conjurations
   668 | D:1      | Reached XP level 3. HP: 18/26 MP: 0/6
  1483 | D:2      | Reached XP level 4. HP: 33/33 MP: 2/7
  1724 | D:2      | Reached skill level 6 in Conjurations
  1808 | D:2      | Reached XP level 5. HP: 39/39 MP: 5/8
  3431 | D:3      | Found an ancient bone altar of Kikubaaqudgha.
  3775 | D:4      | Noticed a black bear
  3782 | D:3      | Killed a black bear
  3783 | D:3      | Reached XP level 6. HP: 37/46 MP: 1/9
  3903 | D:3      | Reached skill level 1 in Fighting
  4308 | D:4      | Identified the +3 ring mail of Tenacity {+Blink Will+}
  4590 | D:4      | Reached skill level 7 in Conjurations
  4646 | D:5      | Entered Level 5 of the Dungeon
  4713 | D:5      | Found Zytienih's Jewellery Shop.
  4796 | D:5      | Noticed a wyvern
  4803 | D:5      | Killed a wyvern
  4804 | D:5      | Your scales start taking on a lurid green colour.
  4804 | D:5      | Reached XP level 7. HP: 30/53 MP: 2/11
  4804 | D:5      | Gained mutation: Your system is resistant to poisons.
                  | (rPois) [Green Draconian growth]
  4940 | D:5      | Learned a level 4 spell: Iskenderun's Mystic Blast
  5314 | D:5      | Reached skill level 8 in Conjurations
  5314 | D:5      | Reached skill level 1 in Translocations
  5996 | D:6      | Reached XP level 8. HP: 56/62 MP: 2/12
  6097 | D:6      | Reached skill level 1 in Maces & Flails
  6390 | D:6      | Found a staircase to the Ecumenical Temple.
  6399 | D:6      | Found an ornate altar of the Wu Jian Council.
  6430 | Temple   | Entered the Ecumenical Temple
  6444 | Temple   | Became a worshipper of Vehumet
  6538 | D:6      | Noticed Edmund
  6559 | D:6      | Killed Edmund
  6560 | D:6      | Reached skill level 9 in Conjurations
  7195 | D:7      | Reached * piety under Vehumet
  7195 | D:7      | Offered knowledge of Freeze by Vehumet.
  7268 | D:7      | Reached XP level 9. HP: 66/71 MP: 9/13
  7934 | D:7      | Reached skill level 10 in Conjurations
  7939 | D:7      | Learned a level 3 spell: Gell's Gravitas
  8263 | D:8      | Noticed Erica
  8274 | D:8      | Killed Erica
  8275 | D:8      | Reached skill level 5 in Dodging
  8716 | D:8      | Found a shimmering blue altar of Sif Muna.
  8742 | D:8      | Reached ** piety under Vehumet
  8772 | D:8      | Found a broken altar of Ashenzari.
  8775 | D:8      | Found a shadowy altar of Dithmenos.
  8780 | D:8      | Reached skill level 5 in Translocations
  8909 | D:8      | Reached XP level 10. HP: 80/80 MP: 10/16
  8961 | D:8      | Reached skill level 5 in Fighting
  9002 | D:8      | Offered knowledge of Momentum Strike by Vehumet.
  9059 | D:8      | Found a staircase to the Lair.
  9181 | D:8      | Reached skill level 5 in Maces & Flails
  9612 | D:9      | Noticed a cyclops
  9675 | D:9      | Found a staircase to the Orcish Mines.
  9708 | D:9      | Killed a cyclops
  9851 | D:9      | Found a flagged portal.
  9875 | Bailey   | Entered a bailey
 10092 | Bailey   | Reached skill level 1 in Polearms
 10189 | D:9      | Acquired 357 gold pieces
 10191 | D:9      | Acquired 829 gold pieces
 10209 | D:9      | Offered knowledge of Scorch by Vehumet.
 10739 | D:10     | Entered Level 10 of the Dungeon
 10756 | D:10     | Reached *** piety under Vehumet
 10824 | D:10     | Reached skill level 5 in Spellcasting
 11302 | D:10     | Learned a level 7 spell: Orb of Destruction
 11592 | D:11     | Reached XP level 11. HP: 90/90 MP: 16/18
 11596 | D:11     | Noticed Fannar
 11599 | D:11     | Noticed a white ugly thing
 11601 | D:11     | Noticed a boulder beetle
 11610 | D:11     | Noticed a two-headed ogre
 11658 | D:11     | Killed a two-headed ogre
 11719 | D:11     | Noticed Erolcha
 11903 | Lair:1   | Entered Level 1 of the Lair of Beasts
 12099 | Lair:1   | Reached skill level 5 in Polearms
 12205 | Lair:1   | Offered knowledge of Mephitic Cloud by Vehumet.
 12476 | Lair:1   | Slain by a komodo dragon

Illustrated notes

Levels and vault maps discovered:
D:1:      dpeg_arrival_rooms_a, layout_loops_ring,
          ebering_ecumenical_altar_webs, columned_hall_lemuel
D:2:      layout_loops_corners, grunt_decor_clamped,
          chequers_serial_rivers_large_a, grunt_ministairs_15,
          kennysheep_nondescript
D:3:      layout_loops_ring, general_overflow_altar
D:4:      layout_rooms, kennysheep_generic_room_14
D:5:      layout_layer_cave, serial_shops, shop
D:6:      layout_cave_pools, mainiacjoe_overflow_brackets,
          minmay_temple_entry_butterflies, st_stairs_1, uniq_edmund
D:7:      layout_rooms, minmay_misc_feat_diagonals, serial_bayou_pond_a
D:8:      layout_loops_ring, nicolae_overflow_squiral, amcnicky_altar_gilded,
          erik_lair_dragon, uniq_erica
D:9:      layout_basic, orc_0_dummy, enter_bailey_5, minmay_diced_spiral
D:10:     layout_roguey
D:11:     layout_rooms, uniq_erolcha, uniq_fannar
Temple:   sentei_temple_godly_chess
Lair:1:   layout_gridlike, serial_bayou_shore_a, grunt_megastairs_1

Skill      XL: |  1  2  3  4  5  6  7  8  9 10 11 |
---------------+----------------------------------+-----
Conjurations   | 5 6 7 8 9 10 | 10.9
Stealth        | 2 |  2.0
Dodging        | 2 3 4 5 6 7 |  7.3
Fighting       | 1 2 3 4 6 |  6.7
Spellcasting   | 3 4 5 |  5.9
Translocations | 1 3 5 |  5.0
Maces & Flails | 2 4 6 |  6.0
Polearms       | 4 5 |  5.8
Short Blades   | |  0.5
Throwing       | |  0.9

Action                     |  1- 3 |  4- 6 |  7- 9 | 10-12 || total
---------------------------+-------+-------+-------+-------++-------
  Melee: Short sword       |    26 |    14 |       |       ||    40
         Tailslap          |     2 |     4 |     7 |    28 ||    41
         Punch             |     1 |     1 |     1 |       ||     3
         Mace              |       |    16 |       |       ||    16
         Flail             |       |     1 |    68 |    54 ||   123
         Hand axe          |       |       |     9 |       ||     9
         Halberd           |       |       |       |   151 ||   151
  Throw: Dart              |       |       |     1 |     5 ||     6
   Cast: Magic Dart        |    12 |     6 |     3 |       ||    21
         Searing Ray       |    22 |    54 |    62 |    52 ||   190
         Iskenderun's Myst |       |       |     5 |     2 ||     7
         Gell's Gravitas   |       |       |       |     4 ||     4
Ability: Breathe Noxious F |       |       |     2 |    15 ||    17
    Use: Scroll            |       |       |    10 |     5 ||    15
   Stab: Sleeping          |       |     1 |       |     9 ||    10
         Confused          |       |       |       |     5 ||     5
 Armour: Skin              |    14 |    20 |    60 |    60 ||   154
  Dodge: Dodged            |    32 |    69 |   139 |   271 ||   511
